 Dungeon Crawl Stone Soup version 0.21.1 (webtiles) character file.

505 RUZZLEFAZAZZLE the Slasher (level 7, 0/55 HPs)
             Began as a Human Fighter on Feb 4, 2018.
             Slain by a killer bee (6 damage)
             ... on level 8 of the Dungeon.
             The game lasted 00:14:05 (3420 turns).

RUZZLEFAZAZZLE the Slasher (Human Fighter)          Turns: 3420, Time: 00:14:06

Health: 0/55       AC:  9    Str: 16      XL:     7   Next: 41%
Magic:  7/7        EV:  6    Int: 13 (14) God:
Gold:   135        SH:  9    Dex: 14      Spells: 6/6 levels left

rFire    . . .     SeeInvis .   a - +1 long sword
rCold    . . .     Gourm    .   c - +0 shield
rNeg     . . .     Faith    .   b - +0 scale mail
rPois    .         Spirit   .   (no helmet)
rElec    .         Reflect  .   n - +0 cloak
rCorr    .         Harm     .   (no gloves)
MR       .....                  p - +0 pair of boots
Stlth    ..........             m - amulet of magic regeneration
HPRegen  0.18/turn              (no ring)
MPRegen  0.35/turn              (no ring)

@: brilliant, lethally poisoned (0 -> -25), about to teleport, hasted, very
quick
A: no striking features
a: no special abilities


You were on level 8 of the Dungeon.
You were hungry.

You visited 1 branch of the dungeon, and saw 6 of its levels.

You collected 135 gold pieces.

Inventory:

Hand Weapons
 a - a +1 long sword (weapon)
Armour
 b - a +0 scale mail (worn)
 c - a +0 shield (worn)
 n - a +0 cloak (worn)
 p - a +0 pair of boots (worn)
Jewellery
 m - an amulet of magic regeneration (around neck)
Wands
 k - a wand of random effects (17)
Scrolls
 d - a scroll of identify
 e - 3 scrolls of remove curse
 j - a scroll of teleportation
 l - a scroll of enchant armour {unknown}
 r - 2 scrolls of magic mapping {unknown}
 s - a scroll of fear {unknown}
Potions
 i - a potion of haste
 o - a potion of heal wounds
 q - a potion of curing
Comestibles
 f - 2 rations


   Skills:
 + Level 4.8 Fighting
 + Level 5.5 Long Blades
 * Level 4.5 Armour
 - Level 3.0 Shields


You had 6 spell levels left.
You didn't know any spells.

Dungeon Overview and Level Annotations

Branches:
Dungeon (5/15)
 Temple: D:4-7

Altars:
Elyvilon
Ru
The Shining One

Annotations:
D:3 heintsi's ghost, amateur MiCK
D:8 Elizilla's ghost, novice TrMo


Message History

As you read the scroll labeled YDUBRE UREAPE, it crumbles to dust.
It is a scroll of enchant weapon.
Your +0 long sword glows red for a moment.
* * * LOW HITPOINT WARNING * * *
You feel sick. You block the killer bee's attack. The killer bee stings you.
* * * LOW HITPOINT WARNING * * *
The killer bee barely misses you.
You riposte.
You closely miss the killer bee. The killer bee barely misses you.
The killer bee stings you but does no damage.
The killer bee stings you.
* * * LOW HITPOINT WARNING * * *
You are more poisoned.
The killer bee poisons you!
The killer bee stings you but does no damage.
As you read the scroll labeled ATUAJI AKH, it crumbles to dust.
You feel strangely unstable.
It was a scroll of teleportation.
* * * LOW HITPOINT WARNING * * *
You feel sick. You block the killer bee's attack.
The killer bee completely misses you. The killer bee stings you.
You die...

# .#
#####.###
#........
#........
#W...$...
#yy(.....
#@yn.....
#.y......
#########


You could see a necrophage, 4 killer bees and Elizilla's ghost.

Vanquished Creatures
  A phantom (D:4)
  An ogre (D:4)
  A scorpion (D:4)
  A hound (D:4)
  Natasha (twice) (D:4)
  A worker ant (D:4)
  12 adders
  2 worms (D:2)
  6 leopard geckos
  An orc (D:4)
  2 giant cockroaches
  9 goblins
  4 hobgoblins
  3 jackals (D:4)
  4 quokkas
  7 bats
  9 frilled lizards
  3 kobolds (D:1)
  5 rats
74 creatures vanquished.

Notes
Turn   | Place    | Note
-------+----------+-------------------------------------------
     0 | D:1      | RUZZLEFAZAZZLE the Human Fighter began the quest for the Orb.
     0 | D:1      | Reached XP level 1. HP: 18/18 MP: 1/1
    84 | D:1      | Reached XP level 2. HP: 21/24 MP: 2/2
   126 | D:1      | Reached skill level 3 in Long Blades
   244 | D:1      | Reached XP level 3. HP: 28/29 MP: 3/3
   593 | D:2      | Found a sacrificial altar of Ru.
   811 | D:2      | Reached skill level 4 in Long Blades
   811 | D:2      | Reached XP level 4. HP: 31/35 MP: 4/4
  1437 | D:2      | Reached XP level 5. HP: 41/41 MP: 5/5
  1670 | D:3      | Noticed heintsi's ghost (amateur MiCK)
  1672 | D:3      | Found a glowing golden altar of the Shining One.
  1699 | D:3      | HP: 1/41 [heintsi's ghost (10)]
  2008 | D:4      | Noticed an ogre
  2013 | D:4      | Killed an ogre
  2013 | D:4      | Reached skill level 5 in Long Blades
  2013 | D:4      | Reached XP level 6. HP: 43/48 MP: 6/6
  2113 | D:4      | Noticed a phantom
  2127 | D:4      | Killed a phantom
  2612 | D:4      | Noticed Natasha
  2618 | D:4      | Killed Natasha
  2618 | D:4      | Reached XP level 7. HP: 55/55 MP: 7/7
  3033 | D:4      | Noticed Natasha
  3044 | D:4      | Killed Natasha
  3180 | D:4      | Found a white marble altar of Elyvilon.
  3373 | D:5      | Entered Level 5 of the Dungeon
  3410 | D:5      | You fall through a shaft for 3 floors!
  3413 | D:8      | Noticed Elizilla's ghost (novice TrMo)
  3420 | D:8      | Slain by a killer bee

Skill      XL: |  1  2  3  4  5  6  7 |
---------------+----------------------+-----
Long Blades    | 3 4 5 |  5.5
Fighting       | 4 |  4.8
Armour         | 4 |  4.5
Shields        | |  3.0

Action                   |  1- 3 |  4- 6 |  7- 9 || total
-------------------------+-------+-------+-------++-------
Melee: Long sword        |   118 |   195 |    73 ||   386
  Use: Scroll            |     1 |     1 |     2 ||     4
       Potion            |       |     7 |     2 ||     9
  Eat: Chunk             |       |     3 |     2 ||     5
       Ration            |       |     1 |       ||     1
Armor: Scale mail        |    64 |    92 |    37 ||   193
Dodge: Dodged            |    32 |    50 |    15 ||    97
Block: Shield            |    56 |    97 |    45 ||   198
       Rpst.: Long sword |    11 |    14 |     2 ||    27
